 Dungeon Crawl Stone Soup version 0.31-a0-965-g8a8ce12e04 (webtiles) character file.

Game seed: 6694473423292229998

406 LeprechaunX the Changeling (level 6, 0/63 HPs)
             Began as an Octopode Shapeshifter on Oct 26, 2023.
             Slain by an ogre
             ... wielding a +0 giant spiked club
              (7 damage)
             ... on level 4 of the Dungeon.
             The game lasted 00:03:34 (3837 turns).

LeprechaunX the Changeling (Octopode Shapeshifter)  Turns: 3837, Time: 00:03:35

Health: 0/63       AC: 23    Str: 14    XL:     6   Next: 87%
Magic:  6/6        EV:  2    Int: 12    God:
Gold:   216        SH:  5    Dex: 19    Spells: 5/5 levels left

rFire   . .          .
                       - Unarmed
rCold   . . .        (no shield)
rNeg    . . .        (helmet currently unavailable)
rPois   +            i - amulet of reflection
rElec   .            j - ring of resist corrosion
rCorr   +            l - +6 ring of dexterity
SInv    .            (no ring)
Will    .....        (no ring)
Stlth   ++           (no ring)
HPRegen 0.30/turn    (no ring)
MPRegen 0.10/turn    (no ring)
                     (no ring)

%: reflection
@: lethally poisoned (0 -> -1), tree-form
A: stationary, stasis, torment immunity, boosted hp, almost no armour,
(amphibious), 8 rings, (camouflage 1), (gelatinous body 1), (nimble swimmer 1),
(tentacles)
a: no special abilities


You were on level 4 of the Dungeon.
You were a tree.
You visited 1 branch of the dungeon, and saw 5 of its levels.

You collected 216 gold pieces.

Inventory:

Hand Weapons
 u - a +0 sling
Missiles
 s - 8 boomerangs (quivered)
Jewellery
 f - a ring of magical power
 i - an amulet of reflection (around neck)
 j - a ring of resist corrosion (left branch)
 l - a +6 ring of dexterity (right branch)
Talismans
 b - a beast talisman
 c - a flux talisman
Scrolls
 d - 6 scrolls of identify {unknown}
 e - 4 scrolls of vulnerability {unknown}
 k - a scroll of immolation {unknown}
 n - 2 scrolls of amnesia {unknown}
 o - 3 scrolls of revelation {unknown}
 r - a scroll of fear {unknown}
 t - a scroll of butterflies {unknown}
 v - 2 scrolls of noise {unknown}
Potions
 h - a potion of heal wounds {unknown}
 m - a potion of degeneration {unknown}
 p - a potion of haste {unknown}
 q - a potion of mutation {unknown}
 w - a potion of resistance {unknown}


   Skills:
 + Level 3.3 Fighting
 - Level 2.0 Dodging
 + Level 4.5 Unarmed Combat
 * Level 5.3 Shapeshifting


You had 5 spell levels left.
You didn't know any spells.
Your spell library contained the following spells:

 Spells                   Type           Power      Damage    Failure   Level
 Stone Arrow              Conj/Erth      0%         3d7       69%         3
 Lehudib's Crystal Spear  Conj/Erth      0%         10d2      100%        8
 Animate Armour           Summ/Erth      Unusable   N/A       N/A         4

Dungeon Overview and Level Annotations

Branches:
Dungeon (5/15)
 Temple: D:4-7

Altars:
Elyvilon
Trog


Innate Abilities, Weirdness & Mutations

You are a tree.
Your roots penetrate the ground, keeping you stationary.
You cannot be teleported.
You are immune to unholy pain and torment.
Your maximum health is greatly increased.
You cannot wear most types of armour.
((You are amphibious.))
You can wear up to eight rings at the same time.
((Your skin changes colour to match your surroundings (Stealth+).))
((Your rubbery body absorbs attacks. (AC +1, EV +1)))
((You are camouflaged when in or above water. (Stealth+)))
((You have tentacles for arms and can constrict up to eight enemies at once.))


Message History

HP restored.
You climb downwards.
The ogre closely misses you. You block the orc's attack.
There is a stone staircase leading up here.
The scorpion stings you.
You are poisoned.
The scorpion poisons you! You block the ogre's attack.
The orc closely misses you.
You climb upwards.
You feel very sick.
There is a stone staircase leading down, spattered with blood here.
You feel sick. The scorpion stings you.
You are more poisoned.
The scorpion poisons you!
You feel very sick.
You tentacle-slap the scorpion. You grab the scorpion.
The scorpion is lightly wounded.
You constrict the scorpion.
You feel sick. The scorpion completely misses you.
You tentacle-slap the scorpion.
The scorpion is moderately wounded.
You constrict the scorpion.
You feel sick. The scorpion barely misses you.
You tentacle-slap the scorpion. You squeeze the scorpion.
The scorpion is heavily wounded.
You constrict the scorpion, but do no damage.
You feel sick. The scorpion misses you.
You tentacle-slap the scorpion.
The scorpion is severely wounded.
You constrict the scorpion, but do no damage.
You feel sick. The scorpion stings you.
You tentacle-slap the scorpion but do no damage.
The scorpion is severely wounded.
You constrict the scorpion.
You feel sick. The scorpion stings you!
* * * LOW HITPOINT WARNING * * *
You bludgeon the scorpion!
You kill the scorpion!
You feel sick.
Unknown command.
Your transformation has ended.
You turn into a tree.
Your roots penetrate the ground.
You feel sick.
The ogre hits you with a +0 giant spiked club!
You die...

....#...........##..##.#.#.#
...##..........###.###.#...#
##.'...(.......##...##.######
#####........###.#.##.....)#
###......# #.#.#######.#
###...####...##### #.###
####.#...†>#....# #...###
#.##.##.#O.[..#######....
#.......♣#............###
#.########..###+##'##+###
#...........#.....#.....#
#.#.#######.#.....#...).#
#...# #.'##'##'##+##+ #####
#.#..#.....#..#
#.#..#'###+#..#
#.#..#.....#..#
#.+..+.._..+..'


You could see an ogre.

Vanquished Creatures
  2 scorpions (D:4)
  A hound (D:4)
  An orc priest (D:2)
  An iguana (D:4)
  An orc wizard (D:4)
  3 gnolls (D:2)
  8 adders
  12 orcs
  3 endoplasms
  3 giant cockroaches
  3 goblins
  9 hobgoblins
  3 jackals (D:2)
  4 quokkas
  5 ball pythons
  2 bats
  2 frilled lizards
  7 kobolds
  6 rats
76 creatures vanquished.

Notes
Turn   | Place    | Note
-------+----------+-------------------------------------------
     0 | D:1      | LeprechaunX the Octopode Shapeshifter began the quest for
                  | the Orb.
     0 | D:1      | Reached XP level 1. HP: 13/13 MP: 1/1
   345 | D:1      | Reached XP level 2. HP: 18/18 MP: 2/2
   903 | D:2      | Reached XP level 3. HP: 20/23 MP: 3/3
  1108 | D:2      | Reached XP level 4. HP: 4/29 MP: 4/4
  1110 | D:2      | Reached skill level 4 in Shapeshifting
  1219 | D:2      | Found a faded altar of an unknown god.
  1559 | D:2      | Reached XP level 5. HP: 35/35 MP: 5/5
  2533 | D:3      | Found a white marble altar of Elyvilon.
  2839 | D:4      | Reached XP level 6. HP: 12/42 MP: 6/6
  3051 | D:4      | Reached skill level 5 in Shapeshifting
  3239 | D:4      | Found a bloodstained altar of Trog.
  3677 | D:5      | Entered Level 5 of the Dungeon
  3837 | D:4      | Slain by an ogre

Illustrated notes

Levels and vault maps discovered:
D:1:      minmay_arrival_radiant_lines, layout_loops_corners,
          wander_ebering_terrifying_dragon_lair
D:2:      layout_loops_ring, basic_ecumenical_altar
D:3:      layout_loops_corners, lemuel_doored_altar, nicolae_titane
D:4:      minmay_skewed_foursquare, layout_basic, mainiacjoe_overflow_24_doors,
          grunt_ministairs_2
D:5:      layout_cave_pools, ashenzari_altar_1,
          minmay_temple_entry_statues_pillars, minmay_misc_feat_plants,
          uniq_edmund, uniq_duvessa, uniq_menkaure, uniq_grinder

Skill      XL: |  1  2  3  4  5  6 |
---------------+-------------------+-----
Fighting       | 2 3 |  3.3
Shapeshifting  | 4 5 |  5.3
Unarmed Combat | 4 |  4.5
Dodging        | |  2.0

Action                     |  1- 3 |  4- 6 || total
---------------------------+-------+-------++-------
  Melee: Unarmed           |    49 |    99 ||   148
         Constrict         |    12 |    30 ||    42
         Tentacles         |     4 |    20 ||    24
         Punch             |       |     4 ||     4
  Throw: Boomerang         |       |     2 ||     2
    Use: Potion            |       |     2 ||     2
   Stab: Sleeping          |     4 |    16 ||    20
 Armour: Skin              |    13 |    39 ||    52
  Dodge: Dodged            |    30 |    39 ||    69
  Block: Other             |       |    19 ||    19
         Reflection        |       |     1 ||     1

Table legend: (Time is in decaauts)
 A = Elapsed time spent in this place.
 B = Non-inter-level travel time spent in this place.
 C = Inter-level travel time spent in this place.
 D = Time resting spent in this place.
 E = Time spent auto-exploring this place.
 F = Levels seen in this place.
 G = Mean time per level.
                   A        B        C        D        E       F      G
               +--------+--------+--------+--------+--------+-----+--------+
         Total |   3826 |   3668 |    158 |    330 |   2876 |   5 |  765.2 |
       Dungeon |   3826 |   3668 |    158 |    330 |   2876 |   5 |  765.2 |
               +--------+--------+--------+--------+--------+-----+--------+

Top non-repeatable levels by time:
     D:4: 1146 daAuts
     D:2: 912 daAuts
     D:3: 888 daAuts
     D:1: 870 daAuts
     D:5: 8 daAuts
